[Event "Titled Tuesday Blitz April 11 Early 2023"]
[White "Orlov, Georgi"]
[Black "Amilal Munkhdalai"]
[WhiteFideId "2011271"]
[BlackFideId "4903250"]
[WhiteElo "2584"]
[BlackElo "2293"]
[Result "1-0"]
[Round "05"]
[TimeControl "180+2"]
[Date "2023.04.11"]
[WhiteClock "0:00:24"]
[BlackClock "0:00:09"]

1. e4 c5 2. Nf3 Nc6 3. Bb5 e6 4. Bxc6 bxc6 5. O-O f6 6. d3 d6 7. b3 e5 8. Nfd2 Be6 9. Nc3 Ne7 10. Ne2 g5 11. Ng3 Qd7 12. Nh5 Kf7 13. Qf3 Ng8 14. h3 Be7 15. Nc4 Rf8 16. Bxg5 Ke8 17. Bd2 Rf7 18. b4 cxb4 19. Bxb4 f5 20. Rab1 fxe4 21. Qxe4 Bd5 22. Qe3 Nf6 23. Ng3 Rg7 24. Ba3 Kf7 25. Bxd6 Bxd6 26. Rb7 Bc7 27. Qxa7 Kg6 28. Re1 Bxc4 29. dxc4 Re8 30. Ne4 Nxe4 31. Rxe4 h5 32. Qe3 Kh7 33. Qf3 Qf7 34. Rxc7 Rxg2+ 35. Kxg2 Rg8+ 36. Kh2 Qxc7 37. Qxh5+ Kg7 38. Rg4+ Kf8 39. Qh6+ Kf7 40. Qh7+ 1-0


[Site "https://www.chess.com"]

[Event "Titled Tuesday Blitz April 11 Early 2023"]
[White "Rosen, Eric"]
[Black "Matinian, Nikita"]
[WhiteFideId "2032562"]
[BlackFideId "24129100"]
[WhiteElo "2331"]
[BlackElo "2422"]
[Result "1-0"]
[Round "05"]
[TimeControl "180+2"]
[Date "2023.04.11"]
[WhiteClock "0:00:04"]
[BlackClock "0:00:01"]

1. d4 Nf6 2. Bf4 g6 3. Nc3 d5 4. e3 c6 5. h4 h5 6. Nf3 Qb6 7. a3 Bg4 8. Na4 Qd8 9. Be2 Nbd7 10. Ne5 Bxe2 11. Qxe2 Bg7 12. O-O-O Rc8 13. Kb1 b5 14. Nc3 a5 15. Na2 Ne4 16. f3 Nd6 17. g4 Nc4 18. Qh2 hxg4 19. fxg4 Bxe5 20. dxe5 Nc5 21. h5 gxh5 22. gxh5 Qd7 23. h6 Qf5 24. Nc1 b4 25. axb4 axb4 26. Nd3 Nxd3 27. cxd3 b3 28. Qh3 Qxh3 29. Rxh3 Nb6 30. h7 Nd7 31. Rg1 Nc5 32. d4 Ne4 33. e6 fxe6 34. Be5 Nf6 35. Bxf6 exf6 36. Rg7 Kd8 37. Rhg3 c5 38. Rf7 1-0


[Site "https://www.chess.com"]

[Event "Titled Tuesday Blitz April 11 Early 2023"]
[White "Khoroshev, Nikita"]
[Black "slidingknight2775"]
[WhiteFideId "14200287"]
[WhiteElo "2354"]
[BlackElo "2575"]
[Result "0-1"]
[Round "05"]
[TimeControl "180+2"]
[Date "2023.04.11"]
[WhiteClock "0:00:01"]
[BlackClock "0:00:26"]

1. e4 c5 2. Nc3 Nc6 3. f4 g6 4. Nf3 Bg7 5. Bb5 Nd4 6. Bc4 e6 7. d3 a6 8. a4 b6 9. O-O Ne7 10. Nxd4 cxd4 11. Ne2 d5 12. Bb3 O-O 13. e5 Nc6 14. c3 dxc3 15. bxc3 f6 16. d4 Bd7 17. Ba3 Re8 18. exf6 Qxf6 19. Nc1 Na5 20. Nd3 Rec8 21. Rc1 Rxc3 22. Rxc3 Qxd4+ 23. Kh1 Qxc3 24. Ne5 Nxb3 25. Nxd7 Nd2 26. Rf2 Ne4 27. Rf3 Qxa3 28. f5 Qe7 0-1


[Site "https://www.chess.com"]

[Event "Titled Tuesday Blitz April 11 Early 2023"]
[White "Bocharov, Dmitry"]
[Black "Martic, Ivan"]
[WhiteFideId "4138716"]
[BlackFideId "929301"]
[WhiteElo "2469"]
[BlackElo "2360"]
[Result "0-1"]
[Round "05"]
[TimeControl "180+2"]
[Date "2023.04.11"]
[WhiteClock "0:00:41"]
[BlackClock "0:00:43"]

1. d4 Nf6 2. Nc3 d5 3. Bf4 a6 4. e3 b5 5. h4 Bb7 6. g4 e6 7. g5 Nfd7 8. Bg2 c5 9. Nf3 Nc6 10. h5 Be7 11. h6 g6 12. e4 Nxd4 13. Nxd4 cxd4 14. Qxd4 f6 15. gxf6 Bxf6 16. Qd3 b4 17. Na4 Qa5 18. Qb3 Bc6 19. exd5 Bxa4 20. Qe3 e5 21. O-O O-O 22. Bg3 Bxc2 23. Rac1 Rac8 24. d6 Qxa2 25. Qd2 Qxb2 26. Be4 b3 27. Qd5+ Kh8 28. Qe6 Nc5 0-1


[Site "https://www.chess.com"]

[Event "Titled Tuesday Blitz April 11 Early 2023"]
[White "Berezin, Viktor"]
[Black "Dronavalli, Harika"]
[WhiteFideId "14107872"]
[BlackFideId "5015197"]
[WhiteElo "2310"]
[BlackElo "2432"]
[Result "1-0"]
[Round "05"]
[TimeControl "180+2"]
[Date "2023.04.11"]
[WhiteClock "0:00:12"]
[BlackClock "0:00:08"]

1. d4 Nf6 2. Nf3 c5 3. d5 b5 4. c4 g6 5. cxb5 a6 6. b6 Bg7 7. Nc3 Qxb6 8. e4 d6 9. Nd2 O-O 10. Be2 Nbd7 11. O-O Rb8 12. Nc4 Qc7 13. Bf4 Ne8 14. Rb1 Ne5 15. Nxe5 dxe5 16. Be3 Nd6 17. Qc2 c4 18. Rfc1 Bd7 19. b3 cxb3 20. Rxb3 Rxb3 21. Qxb3 Rb8 22. Qa3 a5 23. Nb5 Nxb5 24. Bxb5 Qd8 25. Bc6 f5 26. h3 Bf6 27. Qa4 Rb4 28. Qc2 Rxe4 29. Bd2 Kg7 30. Qc5 a4 31. Be3 f4 32. Bd2 Re2 33. Be1 Qc8 34. Kf1 Rxa2 35. Qa7 Bf5 36. d6 1-0


[Site "https://www.chess.com"]

[Event "Titled Tuesday Blitz April 11 Early 2023"]
[White "Jaferian, Koosha"]
[Black "Han, Yichen"]
[WhiteFideId "12507440"]
[BlackFideId "1054430"]
[WhiteElo "2073"]
[BlackElo "2342"]
[Result "1-0"]
[Round "05"]
[TimeControl "180+2"]
[Date "2023.04.11"]
[WhiteClock "0:00:52"]
[BlackClock "0:00:04"]

1. e4 e5 2. Nf3 Nc6 3. Bb5 a6 4. Bxc6 dxc6 5. O-O Qf6 6. d4 exd4 7. Qxd4 Qxd4 8. Nxd4 Bd6 9. Nc3 Bd7 10. Be3 O-O-O 11. Rad1 Nf6 12. f3 Rhe8 13. Bf2 c5 14. Nb3 b6 15. Ne2 Bb5 16. Rde1 Be5 17. c3 a5 18. Be3 a4 19. Nd2 Rd3 20. Kf2 a3 21. c4 Ba6 22. b3 b5 23. Rd1 Red8 24. Nc1 R3d7 25. Ke2 Bc3 26. cxb5 Bxb5+ 27. Nc4 Rxd1 28. Rxd1 Bb4 29. Rxd8+ Kxd8 30. Nd3 Nd7 31. Kd1 Nb6 32. Nxb6 Bxd3 33. Nd5 Bf1 34. Nxb4 cxb4 35. g3 Bg2 36. Ke2 f5 37. exf5 Bh3 38. g4 h5 39. gxh5 Bxf5 40. Bc5 Bb1 41. Kd2 Bxa2 42. Kc2 c6 43. Bxb4 Kd7 44. Bxa3 Ke6 45. Kb2 Bxb3 46. Kxb3 Kf5 47. Bb2 Kg5 48. Bxg7 Kxh5 49. Be5 Kg5 50. f4+ Kf5 51. Kc4 Kg4 52. Kc5 Kh3 53. f5 1-0


[Site "https://www.chess.com"]

[Event "Titled Tuesday Blitz April 11 Early 2023"]
[White "Omelja, Artem"]
[Black "Iliaguev, Nisim"]
[WhiteFideId "14119846"]
[BlackFideId "2817276"]
[WhiteElo "2404"]
[BlackElo "2241"]
[Result "0-1"]
[Round "05"]
[TimeControl "180+2"]
[Date "2023.04.11"]
[WhiteClock "0:00:03"]
[BlackClock "0:00:54"]

1. e4 c6 2. Ne2 d5 3. e5 h5 4. h4 Bf5 5. Ng3 Bg6 6. e6 f6 7. d4 Qd6 8. Qe2 Nh6 9. Nxh5 Nf5 10. Bf4 Bxh5 11. Qd2 Qxe6+ 12. Be3 Nxe3 13. fxe3 Qd6 14. Nc3 Qg3+ 15. Qf2 Qxf2+ 16. Kxf2 Nd7 17. Bd3 O-O-O 18. Rag1 e5 19. g4 Bf7 20. Bf5 Kc7 21. Ne2 e4 22. h5 Bd6 23. Nf4 Nf8 24. g5 Bxf4 25. exf4 Ne6 26. h6 g6 27. Bxe6 Bxe6 28. gxf6 Bf5 29. Ke3 Rdf8 30. h7 Rxf6 31. Rh6 Rf7 32. Rgh1 Kd7 33. c4 Ke6 34. cxd5+ Kxd5 35. b3 a5 36. a3 b6 37. b4 axb4 38. axb4 b5 39. R6h2 g5 40. fxg5 Rfxh7 41. Rh6 Rxh6 42. gxh6 Kc4 43. Rc1+ Kxb4 44. Rxc6 Ka4 45. Rf6 Bh7 46. d5 b4 47. d6 b3 48. d7 Rd8 49. Rf7 b2 50. Rf1 Rxd7 51. Rg1 Kb3 0-1


[Site "https://www.chess.com"]

[Event "Titled Tuesday Blitz April 11 Early 2023"]
[White "Risteski, Emil"]
[Black "Trifan, Andrei Ioan"]
[WhiteFideId "15005267"]
[BlackFideId "12967068"]
[WhiteElo "2251"]
[BlackElo "2208"]
[Result "0-1"]
[Round "05"]
[TimeControl "180+2"]
[Date "2023.04.11"]
[WhiteClock "0:00:14"]
[BlackClock "0:01:00"]

1. c4 e5 2. Nc3 Nf6 3. g3 d5 4. cxd5 Nxd5 5. Bg2 Nb6 6. Nf3 Nc6 7. O-O Bd6 8. b3 O-O 9. Bb2 a5 10. d4 exd4 11. Nxd4 Bd7 12. Ncb5 Be7 13. Nxc6 Bxc6 14. Qxd8 Rfxd8 15. Bxc6 bxc6 16. Na3 Rd2 17. Bc3 Rxe2 18. Nc4 Nxc4 19. bxc4 Bb4 20. Bd4 c5 21. Be3 h6 22. Rfd1 Bc3 23. Rac1 Bd4 24. Bxd4 cxd4 25. Rxd4 Rxa2 26. Rd7 Rc8 27. Re1 Rc2 28. Ree7 Rxc4 29. Rxf7 Rg4 30. h3 Rg6 31. h4 a4 32. h5 Rg5 33. Rxc7 Ra8 34. Rc2 Kxf7 0-1


[Site "https://www.chess.com"]

[Event "Titled Tuesday Blitz April 11 Early 2023"]
[White "Grot, Blazej"]
[Black "Tregubov, Pavel V."]
[WhiteFideId "21835845"]
[BlackFideId "4115341"]
[WhiteElo "1823"]
[BlackElo "2425"]
[Result "1/2-1/2"]
[Round "05"]
[TimeControl "180+2"]
[Date "2023.04.11"]
[WhiteClock "0:00:38"]
[BlackClock "0:00:15"]

1. e4 c5 2. Nf3 e6 3. d4 cxd4 4. Nxd4 Nc6 5. Nc3 Nf6 6. Ndb5 Bb4 7. a3 Bxc3+ 8. Nxc3 d5 9. exd5 exd5 10. Bd3 O-O 11. O-O d4 12. Ne2 Bg4 13. Bg5 Qd6 14. Qd2 Rfe8 15. f3 Bh5 16. Qf4 Rad8 17. Bxf6 Qxf6 18. Qxf6 gxf6 19. Rfd1 Bg6 20. Kf2 Re5 21. Rd2 Bxd3 22. Rxd3 Rc5 23. Rd2 Rc8 24. Rc1 Rc4 25. Ng3 Na5 26. Nf5 Nb3 27. Ne7+ Kf8 28. cxb3 Rxc1 29. Nxc8 Rxc8 30. Rxd4 Rc2+ 31. Kg3 Rxb2 32. Rb4 b6 33. h4 Kg7 34. a4 f5 35. Kf4 Kf6 36. Rb5 Rxg2 37. Rxf5+ Ke6 38. a5 bxa5 39. Rxa5 Rh2 40. Ra6+ Kd5 41. Rxa7 Rxh4+ 42. Kg3 Rb4 43. Rxf7 Rxb3 44. Rxh7 Ke6 45. Ra7 1/2-1/2


[Site "https://www.chess.com"]

[Event "Titled Tuesday Blitz April 11 Early 2023"]
[White "Makhnev, Denis"]
[Black "Shuvalov, Evgenij"]
[WhiteFideId "13707647"]
[BlackFideId "4187237"]
[WhiteElo "2515"]
[BlackElo "2080"]
[Result "0-1"]
[Round "05"]
[TimeControl "180+2"]
[Date "2023.04.11"]
[WhiteClock "0:00:06"]
[BlackClock "0:00:16"]

1. Nf3 Nf6 2. c4 g6 3. b4 Bg7 4. Bb2 O-O 5. g3 c6 6. Bg2 d5 7. cxd5 cxd5 8. O-O Qb6 9. a3 Nc6 10. Nc3 a5 11. b5 Nd4 12. Nxd4 Qxd4 13. Na4 Qa7 14. Qb3 Be6 15. Rac1 Rac8 16. Bxf6 Bxf6 17. Bxd5 Bxd5 18. Qxd5 Rcd8 19. Qa2 Qd4 20. Nc5 Qxd2 21. Qxd2 Rxd2 22. Nxb7 Rb8 23. Nxa5 Rxb5 24. Nc4 Rxe2 25. Rfe1 Ra2 26. Red1 Rf5 27. Rd2 Rxd2 28. Nxd2 Bb2 29. Rc8+ Kg7 30. a4 Bd4 31. Ne4 Re5 0-1


[Site "https://www.chess.com"]

[Event "Titled Tuesday Blitz April 11 Early 2023"]
[White "Devaev, Alexander"]
[Black "Krysa, Leandro"]
[WhiteFideId "4169395"]
[BlackFideId "116807"]
[WhiteElo "2204"]
[BlackElo "2489"]
[Result "1-0"]
[Round "05"]
[TimeControl "180+2"]
[Date "2023.04.11"]
[WhiteClock "0:00:45"]
[BlackClock "0:00:05"]

1. d4 Nf6 2. c4 g6 3. Nc3 d5 4. Nf3 Bg7 5. Bg5 Ne4 6. cxd5 Nxg5 7. Nxg5 e6 8. Nf3 exd5 9. e3 O-O 10. b4 Qd6 11. Qb3 Be6 12. Be2 Nd7 13. O-O c6 14. Rac1 a5 15. b5 c5 16. dxc5 Nxc5 17. Qa3 Rfc8 18. Na4 b6 19. Nd4 Bd7 20. Rfd1 Rc7 21. Nc6 Bxc6 22. bxc6 Qxc6 23. Nxc5 bxc5 24. Bf3 Rd8 25. Qxa5 Bf8 26. g3 h5 27. h4 Rd6 28. Rc2 Rcd7 29. Rxc5 Qa6 30. Qxa6 Rxa6 31. Rcxd5 Rxd5 32. Bxd5 Kg7 33. Bb3 Be7 34. Rd7 Kf6 35. Kg2 Ra5 36. e4 Rc5 37. f4 Rc6 38. e5+ Kf5 39. Rxe7 Kg4 40. Rxf7 g5 41. Bd1# 1-0


[Site "https://www.chess.com"]

[Event "Titled Tuesday Blitz April 11 Early 2023"]
[White "Ramirez Vido, Robert Yorisan"]
[Black "Mendez Fortes, Eduardo Jesus"]
[WhiteFideId "3513823"]
[BlackFideId "3502376"]
[WhiteElo "2455"]
[BlackElo "2307"]
[Result "1-0"]
[Round "05"]
[TimeControl "180+2"]
[Date "2023.04.11"]
[WhiteClock "0:00:53"]
[BlackClock "0:00:18"]

1. f4 d5 2. Nf3 Nf6 3. g3 g6 4. Bg2 Bg7 5. d3 c5 6. O-O O-O 7. Qe1 Nc6 8. e4 dxe4 9. dxe4 e5 10. Nc3 Re8 11. fxe5 Nxe5 12. Nxe5 Rxe5 13. Bf4 Re8 14. Rd1 Qb6 15. Rd6 Qxb2 16. Bc1 Qb4 17. Rdxf6 Bxf6 18. Rxf6 Qd4+ 19. Rf2 Be6 20. Be3 Qe5 21. Bf4 Qd4 22. Nb5 Qd7 23. Nc7 Bxa2 24. Nxa8 Rxa8 25. Qa5 Qd1+ 26. Rf1 Qxc2 27. Rc1 Qb2 28. Qxc5 Be6 29. Be5 Qd2 30. Qc3 Qh6 31. Bf4 Qf8 32. Qf6 a5 33. Be5 1-0


[Site "https://www.chess.com"]

[Event "Titled Tuesday Blitz April 11 Early 2023"]
[White "Harriott, Tyrell"]
[Black "Skvortsov, Andrei"]
[WhiteFideId "2086484"]
[BlackFideId "24108600"]
[WhiteElo "2107"]
[BlackElo "2259"]
[Result "0-1"]
[Round "05"]
[TimeControl "180+2"]
[Date "2023.04.11"]
[WhiteClock "0:00:02"]
[BlackClock "0:00:55"]

1. d4 d5 2. e3 c5 3. c3 cxd4 4. exd4 Nf6 5. Bd3 Qc7 6. f4 Bg4 7. Nf3 Nc6 8. O-O e6 9. Qe1 Bxf3 10. Rxf3 O-O-O 11. b4 Bd6 12. a4 Kb8 13. a5 Rc8 14. Nd2 Bxf4 15. h3 Bh2+ 16. Kh1 Bd6 17. Nb3 Ne7 18. Nc5 Nh5 19. Rxf7 e5 20. Be2 Nf6 21. Rxg7 Rcg8 22. Rf7 Rg6 23. Qf1 Ne4 24. Nxe4 dxe4 25. Be3 Qxc3 26. dxe5 Qxe5 27. Bf4 Qe6 28. Bxd6+ Qxd6 29. Rf8+ Rxf8 30. Qxf8+ Nc8 31. Rc1 Qxf8 32. Bg4 Rc6 33. Rd1 a6 34. Kg1 Qxb4 35. Kh1 Qxa5 36. Kh2 Qc7+ 37. Kh1 Rc1 38. Rxc1 Qxc1+ 39. Kh2 a5 40. h4 Nd6 41. h5 h6 42. Kh3 a4 43. Kh2 a3 44. Kh3 a2 45. Be2 a1=Q 46. Kg3 Qe5+ 47. Kg4 Qcg5+ 0-1


[Site "https://www.chess.com"]

[Event "Titled Tuesday Blitz April 11 Early 2023"]
[White "morozcoma"]
[Black "Seo, Jung Min"]
[BlackFideId "1734687"]
[WhiteElo "2284"]
[BlackElo "2468"]
[Result "0-1"]
[Round "05"]
[TimeControl "180+2"]
[Date "2023.04.11"]
[WhiteClock "0:00:02"]
[BlackClock "0:00:11"]

1. e4 c5 2. Nc3 e6 3. Nf3 Nc6 4. d4 cxd4 5. Nxd4 Qc7 6. Nb3 Nf6 7. Bd3 a6 8. f4 d6 9. Qf3 b5 10. O-O Bb7 11. Bd2 Be7 12. Rae1 O-O 13. Qh3 g6 14. f5 Ne5 15. Bh6 Rfe8 16. fxe6 Bc8 17. exf7+ Nxf7 18. Qh4 Ng4 19. Qg3 Nfxh6 20. Nd5 Qa7+ 21. Kh1 Be6 22. h3 Ne5 23. Nf4 Bf7 24. Nd2 Rf8 25. Nf3 Nxf3 26. Rxf3 Qd4 27. Ref1 Qxb2 28. Nh5 Be6 29. Nf4 Qe5 30. Nxg6 Rxf3 31. Nxe7+ Kf7 32. Rxf3+ Kxe7 33. Qh4+ Kd7 34. Qxh6 Bxa2 35. Qxh7+ Kc6 36. Rf5 Qd4 37. Rd5 Bxd5 38. exd5+ Kb6 39. Qd7 Qc5 40. Be4 a5 41. h4 a4 42. c4 bxc4 43. h5 a3 44. Qg7 a2 45. Qa1 Qb4 46. h6 c3 47. h7 Qb2 48. Qg1+ Kb7 49. Qd4 a1=Q+ 50. Kh2 c2 51. h8=Q Rxh8+ 52. Qxh8 Qxh8+ 0-1


[Site "https://www.chess.com"]

[Event "Titled Tuesday Blitz April 11 Early 2023"]
[White "Khubukshanov, Erdem"]
[Black "egorchess95"]
[WhiteFideId "54114527"]
[WhiteElo "2420"]
[BlackElo "2533"]
[Result "0-1"]
[Round "05"]
[TimeControl "180+2"]
[Date "2023.04.11"]
[WhiteClock "0:00:08"]
[BlackClock "0:01:01"]

1. Nf3 d5 2. g3 c6 3. Bg2 Bg4 4. O-O Nd7 5. h3 Bxf3 6. Bxf3 e5 7. d3 Ngf6 8. Bg2 Bc5 9. c4 O-O 10. cxd5 Nxd5 11. Nc3 N7b6 12. Qb3 Qd7 13. a4 Nb4 14. a5 N6d5 15. Ra4 Rab8 16. Bd2 Be7 17. Rc1 Rfd8 18. Ne4 Na6 19. g4 Kh8 20. Ng3 Nc5 21. Qa2 Nxa4 22. Qxa4 Nf4 23. Bxf4 exf4 24. Qxf4 Bf6 25. b3 Qe7 26. Ne4 Be5 27. Qd2 Qc7 28. a6 bxa6 29. Nc5 Rb6 30. e3 Bd6 31. b4 Rdb8 32. d4 a5 33. bxa5 Rb2 34. Qc3 Bxc5 35. Qxc5 Rb1 36. Be4 Rxc1+ 37. Qxc1 Qxa5 38. Qc5 Qxc5 39. dxc5 0-1


[Site "https://www.chess.com"]

[Event "Titled Tuesday Blitz April 11 Early 2023"]
[White "Costachi, Mihnea"]
[Black "Budrewicz, Krzysztof"]
[WhiteFideId "1217518"]
[BlackFideId "1127950"]
[WhiteElo "2456"]
[BlackElo "2230"]
[Result "1-0"]
[Round "05"]
[TimeControl "180+2"]
[Date "2023.04.11"]
[WhiteClock "0:00:35"]
[BlackClock "0:00:33"]

1. e4 g6 2. d4 Bg7 3. Be3 d6 4. Nc3 a6 5. Qd2 b5 6. a3 Bb7 7. h4 h6 8. f3 Nd7 9. Nh3 c5 10. d5 Ne5 11. Be2 Nf6 12. Nf2 h5 13. f4 Nc4 14. Bxc4 bxc4 15. Qe2 Qb6 16. Qxc4 O-O 17. O-O a5 18. Qb5 Qc7 19. Rfe1 Ba6 20. Qa4 Rfb8 21. Rab1 Nd7 22. e5 Nb6 23. Qe4 Bc8 24. e6 f5 25. Qf3 Bb7 26. Red1 Qc8 27. Qg3 Qe8 28. Nh3 Nc4 29. Ng5 Nxe3 30. Qxe3 Bd4 31. Rxd4 cxd4 32. Qxd4 Ba6 33. Nf7 Kh7 34. Ng5+ Kg8 35. Nf7 Kh7 36. Nd1 Rc8 37. Ng5+ Kg8 38. Nf7 Kh7 39. Nf2 Rc4 40. Qd2 Rac8 41. c3 Qf8 42. Nh3 Qg7 43. Nhg5+ Kg8 44. g3 Qf6 45. Rd1 Kg7 46. Nf3 a4 47. N7g5 Bb7 48. Qe3 R8c5 49. Nd2 Bxd5 50. Nxc4 Bxc4 51. Rd4 Bb3 52. Kf2 Qf8 53. Rb4 Qc8 54. Qd4+ Kg8 55. Nf7 Rd5 56. Qh8# 1-0


[Site "https://www.chess.com"]

[Event "Titled Tuesday Blitz April 11 Early 2023"]
[White "Zemlyanskii, Ivan"]
[Black "Francisco Guecamburu, Candela Be"]
[WhiteFideId "24249971"]
[BlackFideId "160911"]
[WhiteElo "2419"]
[BlackElo "2326"]
[Result "1-0"]
[Round "05"]
[TimeControl "180+2"]
[Date "2023.04.11"]
[WhiteClock "0:00:47"]
[BlackClock "0:00:02"]

1. d4 Nf6 2. c4 c5 3. d5 e6 4. Bf4 exd5 5. cxd5 d6 6. e4 g6 7. Bb5+ Bd7 8. Bd3 Nh5 9. Bd2 Bg7 10. Bc3 O-O 11. Bxg7 Kxg7 12. Nc3 Na6 13. Nge2 Nb4 14. Bc4 Rb8 15. a3 Na6 16. a4 Nb4 17. Qd2 Re8 18. O-O b6 19. f4 a6 20. Ng3 Nxg3 21. hxg3 f5 22. Rae1 fxe4 23. Nxe4 Rxe4 24. Rxe4 Bf5 25. Qc3+ Kg8 26. Re3 b5 27. axb5 axb5 28. Bb3 Qd7 29. Rfe1 Qg7 30. Re7 Qxc3 31. bxc3 Nd3 32. Ra1 c4 33. Bc2 Nc5 34. Bxf5 gxf5 35. Raa7 b4 36. cxb4 Ne4 37. Rac7 c3 38. g4 Nd2 39. gxf5 Nb3 40. f6 Nd4 41. Rg7+ Kf8 42. Rxh7 Kg8 43. Rcg7+ 1-0


[Site "https://www.chess.com"]

[Event "Titled Tuesday Blitz April 11 Early 2023"]
[White "Galchenko, Matvey"]
[Black "Karamsetty, Jeevan"]
[WhiteFideId "24175480"]
[BlackFideId "2025337"]
[WhiteElo "2423"]
[BlackElo "2111"]
[Result "1-0"]
[Round "05"]
[TimeControl "180+2"]
[Date "2023.04.11"]
[WhiteClock "0:00:21"]
[BlackClock "0:00:09"]

1. f4 d5 2. Nf3 g6 3. g3 Bg7 4. Bg2 c5 5. O-O Nc6 6. d3 Nf6 7. Nc3 d4 8. Na4 Nd7 9. c4 a6 10. Bd2 b5 11. cxb5 axb5 12. Nxc5 Nxc5 13. Qc2 Nxd3 14. Qxc6+ Bd7 15. Qc2 Nxb2 16. Qxb2 O-O 17. Ne5 Ra4 18. Rac1 Be6 19. Qxb5 Rxa2 20. Bb4 Bf6 21. Nc6 Qd7 22. Nxe7+ Bxe7 23. Qxd7 Bxd7 24. Bxe7 Re8 25. Bf6 Rexe2 26. Bf3 Rxh2 27. Rfe1 Rhc2 28. Rxc2 Rxc2 29. Ra1 d3 30. Ra8+ Rc8 31. Kf2 Rxa8 32. Bxa8 Bf5 33. Ke3 h5 34. Bd5 Kf8 35. Bc4 Ke8 36. Bb5+ Kf8 37. Bxd3 Bg4 38. Bb5 Kg8 39. Kd4 Be6 40. Ke5 Bf5 41. Kd6 Be6 42. Ke7 Bb3 43. Kd6 Be6 44. Bc6 Kf8 45. Bd5 Bf5 46. Bc4 Bg4 47. Ke5 Bf5 48. Kd6 Bg4 49. Bc3 Bf5 50. Ke5 Bg4 51. Kf6 Be6 52. Bxe6 fxe6 53. Kxg6 Kg8 54. Kxh5 Kf8 55. Kg6 Kg8 56. Bg7 e5 57. Bxe5 Kf8 58. f5 Kg8 59. g4 Kf8 60. g5 Kg8 61. f6 Kh8 62. f7# 1-0


[Site "https://www.chess.com"]

[Event "Titled Tuesday Blitz April 11 Early 2023"]
[White "Harsh Suresh"]
[Black "Garv Gaur"]
[WhiteFideId "45018464"]
[BlackFideId "45030839"]
[WhiteElo "2227"]
[BlackElo "2068"]
[Result "1-0"]
[Round "05"]
[TimeControl "180+2"]
[Date "2023.04.11"]
[WhiteClock "0:00:15"]
[BlackClock "0:00:01"]

1. e4 g6 2. d4 Bg7 3. c3 c6 4. Bd3 d5 5. e5 Nh6 6. h3 O-O 7. Nf3 f6 8. O-O c5 9. exf6 exf6 10. dxc5 Nc6 11. Bf4 Ne5 12. Re1 Nhf7 13. Bc2 a5 14. Na3 Qc7 15. Qxd5 Rd8 16. Nb5 Qe7 17. Nd6 Be6 18. Qxb7 Qf8 19. Nxf7 Bxf7 20. Nxe5 fxe5 21. Bg5 Rdb8 22. Qf3 Rxb2 23. Be4 Rc8 24. c6 Qc5 25. Be3 Qc4 26. Rad1 Rf8 27. Rd7 Be6 28. Rxg7+ Kxg7 29. Bh6+ Kxh6 30. Qxf8+ Kg5 31. Bf3 Qxc3 32. h4+ Kxh4 33. Qh6# 1-0


[Site "https://www.chess.com"]

[Event "Titled Tuesday Blitz April 11 Early 2023"]
[White "Mortazavi, Ali"]
[Black "Mikhailovsky, Vladimir"]
[WhiteFideId "401323"]
[BlackFideId "34105414"]
[WhiteElo "2339"]
[BlackElo "2275"]
[Result "0-1"]
[Round "05"]
[TimeControl "180+2"]
[Date "2023.04.11"]
[WhiteClock "0:00:04"]
[BlackClock "0:00:06"]

1. Nf3 g6 2. e4 Bg7 3. d4 a6 4. Nc3 b5 5. a4 b4 6. Ne2 Bb7 7. Ng3 Nf6 8. Bd3 O-O 9. e5 Nd5 10. h4 d6 11. h5 e6 12. Qe2 f5 13. exf6 Qxf6 14. hxg6 hxg6 15. Ne4 Qe7 16. Neg5 Rf5 17. Qxe6+ Qxe6+ 18. Nxe6 Rf6 19. Nxg7 Kxg7 20. Bh6+ Kg8 21. O-O-O Nd7 22. Bg5 Re6 23. Rh6 Nf8 24. Rdh1 Ne7 25. Bc4 Bd5 26. Bxd5 Nxd5 27. Bd2 Rf6 28. Ng5 Re8 29. f3 a5 30. Rh8+ Kg7 31. Ne4 Rf5 32. R1h3 Nf4 33. R3h4 Nxg2 34. Rh2 Nf4 35. Kb1 d5 36. Nc5 Nh5 37. R8xh5 Rxh5 38. Rg2 Ne6 39. Nb7 Ra8 40. c3 Ra7 41. Nc5 Nxc5 42. dxc5 b3 43. c4 Rh1+ 44. Bc1 dxc4 45. Rg4 c6 46. Rxc4 Rf7 47. Rc3 Rf1 48. Rxb3 R7xf3 49. Rb7+ Rf7 50. Rb3 Re7 51. Rc3 Ree1 52. b4 axb4 53. Rc4 b3 54. a5 g5 55. Kb2 g4 56. a6 Re7 57. Rxg4+ Kf7 58. Ra4 Ra7 59. Bd2 Rf2 60. Kc3 b2 61. Rb4 Rxa6 62. Rxb2 Ra3+ 63. Kd4 Raf3 64. Rb7+ Ke6 65. Ba5 Rf4+ 66. Kc3 R2f3+ 67. Kd2 Kd5 68. Bb6 Rf2+ 69. Ke3 R4f3# 0-1


[Site "https://www.chess.com"]

[Event "Titled Tuesday Blitz April 11 Early 2023"]
[White "Samunenkov, Ihor"]
[Black "tetrix83"]
[WhiteFideId "14187086"]
[WhiteElo "2457"]
[BlackElo "2521"]
[Result "1-0"]
[Round "05"]
[TimeControl "180+2"]
[Date "2023.04.11"]
[WhiteClock "0:00:03"]
[BlackClock "0:00:26"]

1. e4 c5 2. Nf3 e6 3. d4 cxd4 4. Nxd4 a6 5. c4 Qc7 6. Nc3 Nf6 7. a3 b6 8. Bd3 Bb7 9. f4 d6 10. O-O Nbd7 11. b4 Be7 12. Bb2 h5 13. Qe2 Rc8 14. Rac1 g6 15. Nf3 O-O 16. h3 Rfe8 17. f5 exf5 18. exf5 Bf8 19. Qf2 Bh6 20. Rce1 g5 21. Nxg5 Bxg5 22. Qg3 Nh7 23. h4 Rxe1 24. Rxe1 d5 25. Qxc7 Rxc7 26. hxg5 Nxg5 27. Re8+ Nf8 28. Nxd5 Bxd5 29. cxd5 Rd7 30. Bc4 b5 31. Bb3 Nh7 32. Bd4 Rd6 33. Be5 Rd7 34. d6 Ng5 35. Bd5 Ra7 36. Bc6 f6 37. Bxf6 Nf7 38. Be7 Kg7 39. Bxf8+ Kf6 40. d7 Rc7 41. d8=Q+ Nxd8 42. Rxd8 Rxc6 43. Rd6+ Rxd6 44. Bxd6 Kxf5 45. Kh2 Kg4 46. Be7 Kf5 47. Kh3 Ke6 48. Bg5 Kd5 49. Kh4 a5 50. bxa5 1-0


[Site "https://www.chess.com"]

[Event "Titled Tuesday Blitz April 11 Early 2023"]
[White "Sai Han Thiha"]
[Black "Aradhya, Garg"]
[WhiteFideId "13012290"]
[BlackFideId "25006746"]
[WhiteElo "1954"]
[BlackElo "2263"]
[Result "0-1"]
[Round "05"]
[TimeControl "180+2"]
[Date "2023.04.11"]
[WhiteClock "0:00:01"]
[BlackClock "0:00:11"]

1. d4 d5 2. c4 c6 3. cxd5 cxd5 4. Nc3 Nf6 5. Bf4 Nc6 6. e3 a6 7. Nf3 Bf5 8. Ne5 e6 9. g4 Bg6 10. h4 Bb4 11. h5 Ne4 12. Rc1 Qa5 13. hxg6 Nxe5 14. Bxe5 fxg6 15. Bd3 O-O 16. f3 Nxc3 17. bxc3 Bxc3+ 18. Kf2 Qxa2+ 19. Rc2 Qa3 20. Rxh7 Kxh7 21. Qh1+ Kg8 22. Bxg6 Rf7 23. Qh7+ Kf8 24. Qh8+ Ke7 25. Qxa8 Qb3 26. Re2 Rf8 27. Qa7 Qb4 28. Qc5+ Qxc5 29. dxc5 Bxe5 30. f4 a5 31. Ra2 Bc3 32. Ke2 Bb4 33. Kd3 Rc8 34. Rh2 Rxc5 35. Rh7 Kf6 36. Be8 Rc3+ 37. Kd4 Rc4+ 38. Kd3 Rc3+ 39. Kd4 Rc8 40. Kd3 Rxe8 41. g5+ Kg6 42. Rh1 e5 43. Rf1 exf4 44. exf4 Bc5 45. Rf3 d4 46. Rf1 b6 47. Kd2 Re3 48. Rf2 Kf5 49. Rf1 Bb4+ 50. Kc2 d3+ 51. Kd1 d2 52. Kc2 Re1 0-1


[Site "https://www.chess.com"]

[Event "Titled Tuesday Blitz April 11 Early 2023"]
[White "Lukovic, Vladimir"]
[Black "Dushyant Sharma"]
[WhiteFideId "942952"]
[BlackFideId "25065130"]
[WhiteElo "2391"]
[BlackElo "2198"]
[Result "1/2-1/2"]
[Round "05"]
[TimeControl "180+2"]
[Date "2023.04.11"]
[WhiteClock "0:01:55"]
[BlackClock "0:02:19"]

1. e4 d5 2. exd5 Nf6 3. Nc3 Bg4 4. Be2 Bxe2 5. Qxe2 c6 6. dxc6 Nxc6 7. Nf3 e6 8. O-O Be7 9. d3 O-O 10. Bf4 Rc8 11. Ne4 Nxe4 12. dxe4 Qb6 13. c3 Rfd8 14. Rad1 Qa5 15. a3 h6 16. Rxd8+ Rxd8 17. Rd1 Rxd1+ 18. Qxd1 Qb5 19. Qc2 Na5 20. h3 Nc4 21. Bc1 a5 22. a4 Qd7 23. b3 Nb6 24. Be3 Nc8 25. e5 Bf8 26. Qd2 Qc7 27. b4 Ne7 28. Bc5 Nd5 29. Bxf8 Kxf8 30. bxa5 Qxc3 1/2-1/2


[Site "https://www.chess.com"]